 Dungeon Crawl Stone Soup version 0.29-a0-925-g0a7a3d12f8 (webtiles) character file.

Game seed: 3495799825297174258

487046 tabacat the Ruinous (level 23, 0/147 HPs)
             Began as a Yellow Draconian Conjurer on July 26, 2022.
             Was an Elder of Sif Muna.
             Slain by a quicksilver ooze (6 damage)
             ... created by the Royal Jelly
             ... on level 5 of the Pits of Slime on July 29, 2022.
             The game lasted 09:05:51 (124884 turns).

tabacat the Ruinous (Yellow Draconian Conjurer)   Turns: 124884, Time: 09:05:52

Health: 0/147      AC: 10    Str: 14    XL:     23   Next: 81%
Magic:  0/39       EV: 15    Int: 28    God:    Sif Muna [****..]
Gold:   1816       SH:  0    Dex: 10    Spells: 0/65 levels left

rFire   x . .      SeeInvis +   f - staff of conjuration
rCold   + . .      Faith    .   (no shield)
rNeg    + . .      Spirit   +   (body armour unavailable)
rPois   +          Reflect  .   o - +2 hat
rElec   +          Harm     .   e - +2 cloak {Will+}
rCorr   +          Rampage  .   m - +2 pair of gloves {Stlth+}
Will    +++..                   K - +2 pair of boots
Stlth   +++++.....              W - amulet "Anurijea" {Spirit rPois Regen+ Slay+6 SInv}
HPRegen 1.14/turn               S - ring "Caenuuk" {rElec rN+ Str+3}
MPRegen 0.26/turn               F - ring "Lawe" {Ice Will+}

@: corroded, on blink cooldown, flying, hasted, very quick
A: spit acid, AC +11, unfitting armour, acidic bite, cold-blooded, acid
resistance, big wings, low MP 2, subdued magic 1
}: 2/15 runes: decaying, serpentine
a: Breathe Acid, Renounce Religion, Channel Magic, Forget Spell, Divine Exegesis


You were on level 5 of the Pits of Slime.
You worshipped Sif Muna.
Sif Muna was greatly pleased with you.
You visited 10 branches of the dungeon, and saw 47 of its levels.
You visited 1 bazaar.
You also visited: Trove, Bailey and Ice Cave.

You collected 6742 gold pieces.
You spent 4926 gold pieces at shops.

Inventory:

Hand Weapons
 n - the +10 rapier of World Downfall {venom, +Blink Stlth+}
   (You bought it in a shop on level 3 of the Depths)

   It poisons the flesh of those it strikes.
   +Blink:    It lets you blink.
   Stlth:     It makes you more stealthy.
Missiles
 O - 12 curare-tipped darts
Armour
 e - a +2 cloak of willpower (worn)
 g - the +2 cloak of Anaesthesia {rF+}
   (You bought it in a shop in a bazaar)

   rF:        It protects you from fire.
 m - a +2 pair of gloves of stealth (worn)
 o - a +2 hat (worn)
 K - a +2 pair of boots (worn)
Magical Staves
 f - a staff of conjuration (weapon)
Jewellery
 b - a +6 ring of intelligence
 j - a ring of magical power
 p - the amulet "Wysmibli" {Reflect Str+6 SH+5}
   (You found it in a treasure trove)

   [amulet of reflection]

   It reflects blocked missile attacks.
   Str:       It affects your strength (+6).
   SH:        It affects your SH (+5).
 w - a ring of positive energy
 C - a ring of flight
 F - the ring "Lawe" (right hand) {Ice Will+}
   (You found it in a treasure trove)

   [ring of ice]

   It enhances your ice magic.
   rF:        It makes you vulnerable to fire.
   rC:        It protects you from cold.
   Will:      It increases your willpower.
 G - a +4 ring of protection
 J - the ring of Vunemp Fola {rC++ Int+6}
   (You bought it in a shop on level 3 of the Depths)

   [ring of intelligence]

   Int:       It affects your intelligence (+6).
   rC:        It greatly protects you from cold.
 L - the ring "Hero's Friend" {Fly rF+ rC+}
   (You bought it in a shop on level 3 of the Depths)

   [ring of protection from cold]

   rF:        It protects you from fire.
   rC:        It protects you from cold.
   Fly:       It grants you flight.
 M - a ring of positive energy
 P - the dreamshard necklace {*Dream Drain}
   (You took it off a naga mage on level 3 of the Snake Pit)

   [amulet of nothing]

   It shatters if its wearer takes lethal or near-lethal damage, preventing the
   blow and releasing protective dreams that heal and fight for the wearer.
   Drain:     It drains your maximum health when unequipped.
 S - the ring "Caenuuk" (left hand) {rElec rN+ Str+3}
   (You found it in a treasure trove)

   [ring of positive energy]

   Str:       It affects your strength (+3).
   rElec:     It insulates you from electricity.
   rN:        It protects you from negative energy.
 T - a +4 ring of evasion
 U - a +4 ring of protection
 W - the amulet "Anurijea" (around neck) {Spirit rPois Regen+ Slay+6 SInv}
   (You found it in a treasure trove)

   [amulet of guardian spirit]

   It causes incoming damage to be divided between your reserves of health and
   magic.
   Slay:      It affects your accuracy & damage with ranged weapons and melee
   (+6).
   rPois:     It protects you from poison.
   SInv:      It lets you see invisible.
   Regen:     It increases your rate of health regeneration.
 X - the ring "Behida Zeit" {Ice Str+7}
   (You took it off Josephina on level 2 of the Depths)

   [ring of ice]

   It enhances your ice magic.
   Str:       It affects your strength (+7).
   rF:        It makes you vulnerable to fire.
   rC:        It protects you from cold.
Wands
 t - a wand of paralysis (34)
 v - a wand of polymorph (17)
 x - a wand of digging (10)
 A - a wand of quicksilver (17)
 B - a wand of flame (109)
 I - a wand of mindburst (15)
 N - a wand of roots (36)
Scrolls
 a - 2 scrolls of brand weapon
 d - 2 scrolls of magic mapping
 h - 3 scrolls of enchant armour
 s - 2 scrolls of amnesia
 u - 7 scrolls of fog
 y - 6 scrolls of enchant weapon
 Y - 3 scrolls of poison
Potions
 i - 9 potions of lignification
 k - 2 potions of brilliance
 l - 20 potions of curing
 q - 3 potions of invisibility
 D - 3 potions of berserk rage
 Q - a potion of cancellation
 R - 7 potions of flight
 V - a potion of might
Miscellaneous
 r - a lightning rod (4/4)
 z - a lightning rod (4/4)


   Skills:
 - Level 4.2 Staves
 - Level 10.7 Dodging
 - Level 9.1 Stealth
 + Level 21.9 Spellcasting
 + Level 22.4 Conjurations
 + Level 21.1 Earth Magic
 - Level 17.3 Invocations
 + Level 5.1 Evocations


You couldn't memorise any spells.
You knew the following spells:

 Your Spells              Type           Power      Damage    Failure   Level
a - Magic Dart            Conj           100%       1d8       0%          1
b - Conjure Ball Lightni  Conj/Air       41%        3x3d13    1%          6
c - Iskenderun's Mystic   Conj/Tloc      83%        2d16      1%          4
d - Iskenderun's Battles  Conj           100%       2d15      0%          5
e - Lehudib's Crystal Sp  Conj/Erth      54%        10d13     1%          8
f - Lee's Rapid Deconstr  Erth           42%        3d22*     0%          5
g - Orb of Destruction    Conj           55%        9d14      1%          7
h - Hailstorm             Conj/Ice       100%       3d20      1%          4
i - Freezing Cloud        Conj/Ice/Air   45%        6-21      1%          5
j - Iron Shot             Conj/Erth      54%        9d10      0%          6
k - Blink                 Tloc           46%        N/A       1%          2
l - Petrify               Tmut/Erth      62%        N/A       1%          4
m - Passwall              Tmut/Erth      51%        N/A       0%          2
n - Starburst             Conj/Fire      41%        6d12      1%          6

Your spell library contained the following spells:

 Spells                   Type           Power      Damage    Failure   Level
 Foxfire                  Conj/Fire      100%       2x1d9     0%          1
 Sandblast                Erth           100%       2d20      0%          1
 Shock                    Conj/Air       100%       1d9       0%          1
 Searing Ray              Conj           100%       2d8       0%          2
 Static Discharge         Conj/Air       83%        3-14/arc  0%          2
 Stone Arrow              Conj/Erth      100%       3d13      0%          3
 Apportation              Tloc           46%        N/A       1%          1
 Beastly Appendage        Tmut           46%        N/A       1%          1
 Freeze                   Ice            100%       1d11      1%          1
 Necrotise                Necr           92%        1d8       1%          1
 Sting                    Tmut/Pois      92%        1d7       1%          1
 Summon Small Mammal      Summ           92%        N/A       1%          1
 Ensorcelled Hibernation  Hex/Ice        70%        N/A       1%          2
 Poisonous Vapours        Pois/Air       46%        N/A       1%          2
 Scorch                   Fire           46%        2d7       1%          2
 Sublimation of Blood     Necr           23%        N/A       1%          2
 Wereblood                Tmut           23%        N/A       1%          2
 Conjure Flame            Conj/Fire      83%        6-21      1%          3
 Dazzling Flash           Conj/Hex       100%       N/A       1%          3
 Mephitic Cloud           Conj/Pois/Air  71%        N/A       1%          3
 Flame Wave               Conj/Fire      83%        2d18      1%          4
 Fulminant Prism          Conj/Hex       41%        3d20      1%          4
 Leda's Liquefaction      Hex/Erth       31%        N/A       1%          4
 Sticky Flame             Conj/Fire      83%        2d9       1%          4
 Borgnjor's Vile Clutch   Necr/Erth      31%        N/A       1%          5
 Fireball                 Conj/Fire      41%        3d17      1%          5
 Irradiate                Conj/Tmut      41%        3d25      1%          5
 Lightning Bolt           Conj/Air       41%        1d60      1%          5
 Statue Form              Tmut/Erth      41%        N/A       1%          6
 Call Canine Familiar     Summ           23%        N/A       2%          3
 Confusing Touch          Hex            23%        N/A       2%          3
 Frozen Ramparts          Ice            70%        1d9       2%          3
 Inner Flame              Hex/Fire       23%        N/A       2%          3
 Lesser Beckoning         Tloc           23%        N/A       2%          3
 Ozocubu's Armour         Ice            35%        N/A       2%          3
 Portal Projectile        Hex/Tloc       46%        N/A       2%          3
 Spider Form              Tmut/Pois      23%        N/A       2%          3
 Summon Guardian Golem    Hex/Summ       23%        N/A       2%          3
 Swiftness                Air            23%        N/A       2%          3
 Teleport Other           Tloc           23%        N/A       2%          3
 Vampiric Draining        Necr           23%        2d7       2%          3
 Spellforged Servitor     Conj/Summ      41%        N/A       8%          7
 Airstrike                Air            11%        0-5+      10%         4
 Anguish                  Hex/Necr       11%        N/A       10%         4
 Corpse Rot               Necr/Pois/Air  23%        N/A       10%         4
 Ice Form                 Ice/Tmut       35%        N/A       10%         4
 Olgreb's Toxic Radiance  Pois           23%        N/A       10%         4
 Passage of Golubria      Tloc           23%        N/A       10%         4
 Summon Lightning Spire   Summ/Air       23%        N/A       10%         4
 Shatter                  Erth           42%        3d33*     17%         9
 Agony                    Necr           23%        N/A       28%         5
 Alistair's Intoxication  Tmut/Pois      15%        N/A       28%         5
 Blade Hands              Tmut           11%        N/A       28%         5
 Manifold Assault         Tloc           23%        N/A       28%         5
 Metabolic Englaciation   Hex/Ice        17%        N/A       28%         5
 Silence                  Hex/Air        11%        N/A       28%         5
 Summon Forest            Summ/Tloc      11%        N/A       28%         5
 Summon Mana Viper        Hex/Summ       23%        N/A       28%         5
 Yara's Violent Unravell  Hex/Tmut       11%        3d6       28%         5
 Death Channel            Necr           11%        N/A       86%         6
 Dispersal                Tloc           11%        N/A       86%         6
 Eringya's Noxious Bog    Tmut/Pois      11%        N/A       86%         6
 Simulacrum               Ice/Necr       17%        N/A       86%         6
 Summon Cactus Giant      Summ           11%        N/A       86%         6
 Dragon Form              Tmut           11%        N/A       100%        7
 Enfeeble                 Hex            11%        N/A       100%        7
 Malign Gateway           Summ/Tloc      11%        N/A       100%        7
 Ozocubu's Refrigeration  Ice            17%        4d8       100%        7
 Storm Form               Tmut/Air       11%        N/A       100%        7
 Borgnjor's Revivificati  Necr           11%        N/A       100%        8
 Discord                  Hex            11%        N/A       100%        8
 Disjunction              Tloc           11%        N/A       100%        8
 Ignition                 Fire           11%        3d5       100%        8
 Necromutation            Tmut/Necr      11%        N/A       100%        8
 Summon Horrible Things   Summ           11%        N/A       100%        8
 Chain Lightning          Conj/Air       41%        3d55      100%        9
 Death's Door             Necr           11%        N/A       100%        9
 Fire Storm               Conj/Fire      41%        8d11      100%        9
 Animate Armour           Summ/Erth      Unusable   N/A       N/A         4

Dungeon Overview and Level Annotations

Branches:
Dungeon (15/15)            Temple (1/1) D:6            Lair (5/5) D:9
  Swamp (4/4) Lair:2        Snake (4/4) Lair:2        Slime (5/5) Lair:4
    Orc (2/2) D:10            Elf (3/3) Orc:2        Vaults (4/5) D:13
  Crypt (0/3) Vaults:3     Depths (4/4) D:15            Zot (0/5) Depths:4
 Bailey (visited)           IceCv (visited)

Altars:
Ashenzari
Cheibriados
Dithmenos
Elyvilon
Fedhas
Gozag
Hepliaklqana
Kikubaaqudgha
Makhleb
Nemelex Xobeh
Okawaru
Qazlal
Ru
Sif Muna
Trog
Uskayaw
Vehumet
Wu Jian
Xom
Yredelemnul
Zin
The Shining One

Shops:
D:6 [   D:7 (   D:12 *   Orc:1 ?   Orc:2 =*[*[   Elf:2 *   Snake:2 ?=
Vaults:2 =   Depths:3 [(:=(   Depths:4 ==:

Portals:
Hell: Depths:1 Depths:2 Depths:3 Depths:4
Abyss: Depths:1 Depths:2 Depths:3 Depths:4
Pandemonium: Orc:2 Depths:2
Ziggurat: Depths:4

Annotations:
D:3 3 runed translucent doors, zeratav's ghost, amateur OpVM
D:5 2 transporters, lunkers's ghost, novice DgWn
D:9 3 runed translucent doors, GilGalad's ghost, novice DjFE
Vaults:3 exclusion: phantasmal warrior
Depths:3 1 runed translucent door


Innate Abilities, Weirdness & Mutations

You can spit globs of acid.
Your golden yellow scales are hard. (AC +11)
You cannot fit into any form of body armour.
You have acidic saliva.
You are cold-blooded and may be slowed by cold attacks.
You are resistant to acid. (rCorr)
Your large and strong wings let you fly.
Your magical capacity is very low. (-20% MP)
Your spells are a little easier to cast, but a little less powerful.


Message History

The quicksilver ooze is unaffected.
The rockslime looks frightened!
The azure jelly easily resists.
The acid blob resists with almost no effort.
The rockslime looks frightened!
The azure jelly looks frightened!
The acid blob resists with almost no effort.
The acid blob looks frightened!
The rockslime resists with some effort.
The azure jelly resists with almost no effort.
The azure jelly looks frightened!
The quicksilver ooze is unaffected.
The rockslime looks frightened!
The acid blob looks frightened!
The azure jelly looks frightened!
The quicksilver ooze hits you!
* * * LOW HITPOINT WARNING * * *
The quicksilver ooze engulfs you! The quicksilver ooze hits you.
* * * LOW HITPOINT WARNING * * *
You feel your power leaking away.
You cannot cast spells while unable to breathe!
Unknown command.
You feel better.
* * * LOW HITPOINT WARNING * * *
Your lungs strain for air!
The quicksilver ooze jiggles.
The quicksilver ooze hits you!
* * * LOW HITPOINT WARNING * * *
The quicksilver ooze hits you.
* * * LOW HITPOINT WARNING * * *
The azure jelly closely misses you.
The azure jelly hits you but does no damage.
The azure jelly barely misses you. The azure jelly hits you.
* * * LOW HITPOINT WARNING * * *
You cannot read scrolls while unable to breathe!
Okay, then.
Okay, then.
Okay, then.
Okay, then.
You cannot read scrolls while unable to breathe!
You slip free of the ooze engulfing you.
You gasp with relief as air once again reaches your lungs.
The acid blob jiggles.
As you read the scroll of fog, it crumbles to dust.
The scroll dissolves into smoke.
The quicksilver ooze hits you.
You die...

##### ### ##...##
#####.######.#...#####
##..#...#.##§§§.....#.###
##..........JJ@§.........#####
#.....J..J...J§§...........#.#
###.......J....J.............#.#
#.........J.JJ.................##
##......JJ......................#
##...............................
#..<................J............
.................................
.................................


You could see 3 acid blobs, 3 azure jellies, 3 rockslimes and 2 quicksilver
oozes.

Vanquished Creatures
  the Royal Jelly (Slime:5)
  A juggernaut (Depths:3)
  Josephina (Depths:2)
  3 caustic shrikes (Depths:2)
  Nikola (Elf:1)
  5 golden dragons
  A bone dragon (Swamp:4)
  Rupert (Lair:4)
  5 tentacled monstrosities
  Jorgrun (Snake:1)
  3 liches
  2 deep elf blademasters (Elf:3)
  A walking divine tome (Depths:3)
  A walking frostbound tome (Depths:4)
  2 deep elf master archers (Elf:3)
  Frances (D:14)
  21 acid blobs
  6 quicksilver dragons
  3 sphinxes
  A thorn hunter (Swamp:4)
  2 storm dragons
  A tengu reaver (Depths:2)
  6 azure jellies
  3 shadow dragons (Depths:4)
  Kirke (D:13)
  Donald (Snake:4)
  8 rockslimes
  6 draconian monks (Depths:4)
  A draconian knight (Depths:4)
  An iron dragon (Depths:2)
  3 deep elf sorcerers
  19 vault wardens
  7 frost giants
  9 nagarajas
  Aizul (Swamp:3)
  4 fire giants
  2 deep elf elementalists (Elf:3)
  14 ironbound preservers
  2 draconian annihilators (Depths:4)
  12 stone giants
  4 vampire knights
  12 quicksilver oozes
  A spriggan defender (Depths:3)
  2 war gargoyles (Vaults:3)
  39 very ugly things
  11 ironbound thunderhulks
  6 deep elf demonologists (Elf:3)
  7 green draconians (Depths:4)
  3 eleionomae
  7 purple draconians (Depths:4)
  2 black draconians (Depths:4)
  5 bunyips
  3 deep elf annihilators
  5 spark wasps
  4 dire elephants
  3 red draconians (Depths:4)
  4 white draconians (Depths:4)
  2 deep elf death magi
  8 ettins
  4 crystal guardians
  10 fire dragons
  2 deep elf high priests (Elf:3)
  Harold (Lair:1)
  2 catoblepae
  12 ice dragons
  A rakshasa (Depths:3)
  15 vault guards
  14 great orbs of eyes
  14 hydras
  7 yaktaur captains
  3 salamander tyrants
  5 peacekeepers
  2 spriggan air magi (Depths:2)
  Erolcha (D:11)
  8 anacondas
  3 ogre magi
  4 ghost crabs
  3 boulder beetles
  8 ironbound frosthearts
  8 centaur warriors
  A demonspawn (Orc:2)
  16 alligators
  9 two-headed ogres
  24 dancing weapons
  15 naga warriors
  6 deep troll earth magi (Depths:2)
  4 vampire magi (Depths:2)
  7 tengu warriors
  10 deep troll shamans
  16 death yaks
  2 shock serpents (Snake:1)
  7 orc high priests
  2 spriggan berserkers (Depths:3)
  5 hell knights (Depths:2)
  8 naga sharpshooters
  Sonja (Lair:4)
  Urug (Lair:1)
  16 deep elf knights
  3 salamander mystics
  2 iron trolls (Depths:2)
  43 deep trolls
  4 flayed ghosts
  A golden dragon zombie (Depths:3)
  A death drake (Swamp:4)
  3 glowing orange brains
  5 goliath frogs
  14 bog bodies
  3 spriggan druids
  2 swamp dragons
  4 sea snakes (Snake:2)
  2 spectral hydras (Swamp:4)
  3 lindwurms (Lair:5)
  8 deep elf archers
  10 ironbound convokers
  24 deep elf zephyrmancers
  8 naga ritualists
  10 wizards
  17 mana vipers
  2 necromancers
  6 orc knights
  5 phantasmal warriors
  An orange crystal statue (Depths:3)
  A mana viper (shapeshifter) (D:15)
  A manticore (D:14)
  8 orc sorcerers
  23 deep elf pyromancers
  4 shining eyes
  A will-o-the-wisp (Swamp:3)
  19 salamanders
  54 ugly things
  5 oklob plants
  2 cyclopes
  An ice statue (IceCv)
  3 guardian serpents
  25 naga magi
  3 eyes of devastation (Slime:4)
  32 black mambas
  23 elephants
  10 vault sentinels
  Maurice (D:13)
  A torpor snail (Lair:4)
  A centaur zombie (D:15)
  4 unseen horrors
  A storm dragon simulacrum (Depths:2)
  A gargoyle (D:10)
  11 cane toads
  4 swamp worm zombies (Swamp:4)
  A hellwing (Orc:2)
  2 entropy weaver simulacra (IceCv)
  8 komodo dragons
  Psyche (D:10)
  3 tengu conjurers
  A redback zombie (D:15)
  4 rime drakes
  A komodo dragon (shapeshifter) (D:14)
  4 ice devils
  50 yaktaurs
  An anaconda simulacrum (IceCv)
  4 polar bears
  5 bloated husks
  3 hydra zombies (Swamp:4)
  A tengu simulacrum (Depths:2)
  3 trolls
  2 red devils (Orc:2)
  105 slime creatures
  6 tyrant leeches
  4 hornets
  2 iron dragon simulacra
  8 blink frogs
  3 centaur simulacra (D:13)
  2 spectral swamp dragons (Swamp:4)
  A frost giant simulacrum (Depths:2)
  3 alligator zombies (Swamp:4)
  Sigmund (D:2)
  A fire giant simulacrum (Depths:2)
  2 air elementals (Elf:2)
  A shadow (D:12)
  3 water elementals
  5 vampires
  3 wyverns
  A wraith (D:9)
  6 spriggans
  3 fire elementals (Elf:1)
  48 yaks
  Grum (D:9)
  3 basilisks
  A steam dragon (D:9)
  3 golden eyes
  A hog (D:13)
  A chaos spawn (Orc:2)
  A death yak simulacrum (IceCv)
  A redback (shapeshifter) (Vaults:2)
  5 vampire mosquitoes
  10 wargs
  50 nagas
  8 swamp worms
  A glowing shapeshifter zombie (Depths:3)
  3 acid dragons
  11 water moccasins
  50 orc warriors
  An ice beast (shapeshifter) (D:14)
  A swamp drake (Swamp:1)
  2 ice beasts (D:13)
  4 swamp dragon zombies (Swamp:4)
  11 ogres
  13 wolves
  12 centaurs
  2 boggarts (Elf:1)
  11 phantoms
  4 kobold brigands
  12 bullfrogs
  2 necrophages (D:5)
  2 earth elementals
  2 gnoll sergeants
  A glowing shapeshifter simulacrum (Depths:3)
  2 two-headed ogre simulacra (IceCv)
  2 scorpions (D:5)
  2 water moccasin zombies (D:5)
  13 wights
  3 elephant simulacra (IceCv)
  4 killer bees (D:9)
  3 electric eels
  A howler monkey (D:10)
  A crimson imp (D:10)
  A bullfrog zombie (D:5)
  4 hounds
  A centaur skeleton (D:5)
  30 orc priests
  A gnoll bouda (D:7)
  An iron imp (D:4)
  10 jellies
  4 iguanas
  A boggart zombie (D:15)
  Natasha (twice) (D:2)
  3 spectral swamp drakes (Swamp:4)
  26 orc wizards
  A scorpion zombie (D:5)
  6 troll simulacra (IceCv)
  4 polar bear simulacra (IceCv)
  7 spriggan simulacra
  2 wolf simulacra (IceCv)
  A hound zombie (D:5)
  A hound skeleton (D:5)
  Robin (D:2)
  16 gnolls
  9 adders
  A swamp drake zombie (Swamp:4)
  4 naga simulacra (IceCv)
  10 white imps
  9 ufetubi
  2 worms
  2 dart slugs
  94 orcs
  7 endoplasms
  6 giant cockroaches
  15 goblins
  2 hobgoblins
  7 jackals
  3 quokkas
  10 ball pythons
  5 bats (D:1)
  6 frilled lizards
  20 kobolds
  5 rats
  A butterfly (Lair:4)
1893 creatures vanquished.

Vanquished Creatures (collateral kills)
  A naga sharpshooter (Snake:2)
  A black mamba (Snake:2)
  A slime creature (Vaults:2)
3 creatures vanquished.

Vanquished Creatures (others)
  A deep elf pyromancer (Elf:1)
  6 bloated husks
  A hornet (Swamp:1)
  3 humans (D:13)
  34 ball lightnings
  2 foxfires (Swamp:3)
  48 fungi
  85 plants
  A withered plant (D:5)
181 creatures vanquished.

Grand Total: 2077 creatures vanquished

Notes
Turn   | Place    | Note
-------+----------+-------------------------------------------
     0 | D:1      | tabacat the Draconian Conjurer began the quest for the Orb.
     0 | D:1      | Reached XP level 1. HP: 14/14 MP: 3/3
   402 | D:1      | Reached XP level 2. HP: 14/20 MP: 0/5
  1219 | D:1      | Reached XP level 3. HP: 26/26 MP: 5/7
  1361 | D:1      | Learned a level 2 spell: Searing Ray
  1560 | D:2      | Noticed Sigmund
  1570 | D:2      | Killed Sigmund
  1571 | D:2      | Reached XP level 4. HP: 8/33 MP: 3/10
  1571 | D:2      | Reached XP level 5. HP: 9/38 MP: 3/11
  1812 | D:2      | Learned a level 4 spell: Iskenderun's Mystic Blast
  1861 | D:2      | Noticed Robin
  2345 | D:2      | Noticed Natasha
  2350 | D:2      | Killed Natasha
  2433 | D:2      | Killed Robin
  2434 | D:2      | Reached skill level 5 in Conjurations
  2501 | D:2      | Found a faded altar of an unknown god.
  2746 | D:2      | Noticed Natasha
  2751 | D:2      | Killed Natasha
  2752 | D:2      | Reached XP level 6. HP: 39/45 MP: 7/12
  3065 | D:3      | Noticed zeratav's ghost (amateur OpVM)
  3066 | D:3      | Found a runed translucent gate.
  3066 | D:3      | Found a runed translucent gate.
  3066 | D:3      | Found a runed translucent gate.
  3343 | D:3      | Found a hide-covered altar of Uskayaw.
  3346 | D:3      | Found a shimmering blue altar of Sif Muna.
  3348 | D:3      | Found a shimmering altar of Xom.
  3348 | D:3      | Found a bloodstained altar of Trog.
  3349 | D:3      | Found a blossoming altar of Fedhas.
  3350 | D:3      | Found a basalt altar of Yredelemnul.
  3964 | D:4      | Found a snail-covered altar of Cheibriados.
  4286 | D:4      | Found an iron altar of Okawaru.
  4340 | D:4      | You fall into a shaft and drop 1 floor!
  4340 | D:5      | Entered Level 5 of the Dungeon
  4348 | D:5      | Reached skill level 5 in Spellcasting
  4499 | D:4      | Your scales start taking on a golden yellow colour.
  4499 | D:4      | Reached XP level 7. HP: 50/50 MP: 14/14
  4499 | D:4      | Gained mutation: You are resistant to acid. (rCorr) [Yellow
                  | Draconian growth]
  5001 | D:5      | Reached skill level 1 in Staves
  5199 | D:5      | Found a transporter.
  5200 | D:5      | Noticed lunkers's ghost (novice DgWn)
  5202 | D:5      | Identified the +1 giant club "Koynot" {vorpal, Drain +Blink
                  | Str+4}
  5227 | D:5      | Reached skill level 6 in Conjurations
  5343 | D:5      | Found a glowing silver altar of Zin.
  5343 | D:5      | Noticed an angel
  5388 | D:5      | Reached XP level 8. HP: 57/57 MP: 16/16
  5455 | D:5      | Found a transporter.
  6154 | D:5      | Reached skill level 7 in Conjurations
  6497 | D:6      | Reached XP level 9. HP: 55/62 MP: 19/19
  6831 | D:6      | Identified a scroll of acquirement
  6832 | D:6      | Acquired Sif Muna's Textbook on Conjuring and the Excursion
  6842 | D:6      | Learned a level 5 spell: Iskenderun's Battlesphere
  6992 | D:6      | Found a staircase to the Ecumenical Temple.
  7003 | Temple   | Entered the Ecumenical Temple
  7240 | D:3      | Became a worshipper of Sif Muna the Loreminder
  7602 | D:6      | Found Qadirhos's Armour Boutique.
  7869 | D:7      | Found Fievaf's Weapon Boutique.
  8197 | D:7      | Killed an unseen horror
  8198 | D:7      | Reached skill level 5 in Dodging
  8437 | D:7      | Found a hazy altar of Hepliaklqana.
  8604 | D:7      | Found a broken altar of Ashenzari.
  8709 | D:7      | Reached * piety under Sif Muna
  9212 | D:8      | Found a stormy altar of Qazlal.
  9289 | D:8      | Learned a level 3 spell: Stone Arrow
  9874 | D:8      | Reached skill level 8 in Conjurations
 10387 | D:9      | Found a runed translucent gate.
 10387 | D:9      | Found a runed translucent gate.
 10387 | D:9      | Found a runed translucent gate.
 10387 | D:9      | Noticed GilGalad's ghost (novice DjFE)
 10546 | D:9      | Noticed Grum
 10732 | D:9      | Killed Grum
 10733 | D:9      | Reached XP level 10. HP: 53/69 MP: 17/22
 10802 | D:9      | Found a flagged portal.
 10807 | D:9      | Reached ** piety under Sif Muna
 10816 | Bailey   | Entered a bailey
 11444 | Bailey   | Identified the +0 cloak of Knowledge {rF+}
 11918 | D:9      | Reached skill level 1 in Earth Magic
 12351 | D:9      | Reached skill level 9 in Conjurations
 12484 | D:9      | Reached skill level 10 in Spellcasting
 12574 | D:9      | Found a staircase to the Lair.
 12810 | D:10     | Entered Level 10 of the Dungeon
 12816 | D:10     | Reached *** piety under Sif Muna
 12835 | D:10     | Noticed Psyche
 12837 | D:10     | Paralysed by Psyche for 5 turns
 12842 | D:10     | Killed Psyche
 12843 | D:10     | Noticed a gargoyle
 12848 | D:10     | Killed a gargoyle
 12967 | D:10     | Found a sacrificial altar of Ru.
 12968 | D:10     | Found a shadowy altar of Dithmenos.
 13016 | D:10     | Found a staircase to the Orcish Mines.
 13085 | D:10     | Found a portal to a secret trove of treasure.
 13359 | D:10     | Noticed a two-headed ogre
 13364 | D:10     | Killed a two-headed ogre
 13365 | D:10     | Reached XP level 11. HP: 74/74 MP: 25/25
 13418 | D:10     | Noticed a two-headed ogre
 13423 | D:10     | Killed a two-headed ogre
 13583 | D:10     | Found a radiant altar of Vehumet.
 13584 | D:10     | Found a burning altar of Makhleb.
 14040 | Lair:1   | Entered Level 1 of the Lair of Beasts
 14060 | Lair:1   | Noticed Urug
 14064 | Lair:1   | Killed Urug
 14575 | Lair:1   | Reached skill level 10 in Conjurations
 14773 | Lair:1   | Reached skill level 5 in Earth Magic
 14849 | Lair:1   | Noticed Harold
 14855 | Lair:1   | Killed Harold
 15126 | Lair:2   | Noticed a catoblepas
 15135 | Lair:2   | Killed a catoblepas
 15299 | Lair:1   | Learned a level 5 spell: Lee's Rapid Deconstruction
 15443 | Lair:1   | Reached XP level 12. HP: 39/81 MP: 0/28
 15688 | Lair:2   | Noticed a four-headed hydra
 15701 | Lair:2   | Killed a four-headed hydra
 16505 | Lair:2   | Reached skill level 11 in Conjurations
 16505 | Lair:2   | Reached skill level 1 in Invocations
 16515 | Lair:2   | Noticed a six-headed hydra
 16737 | Lair:1   | Learned a level 7 spell: Orb of Destruction
 16777 | Lair:2   | Reached **** piety under Sif Muna
 16882 | Lair:2   | Killed a six-headed hydra
 17113 | Lair:2   | Found a staircase to the Swamp.
 17206 | Lair:2   | Found a staircase to the Snake Pit.
 17535 | Lair:3   | Noticed a death yak
 17537 | Lair:3   | Noticed a death yak
 17538 | Lair:3   | Noticed a death yak
 18711 | Lair:3   | Noticed a four-headed hydra
 18716 | Lair:3   | Killed a four-headed hydra
 18791 | Lair:3   | Reached skill level 5 in Invocations
 18920 | Lair:3   | Noticed a death yak
 18922 | Lair:3   | Noticed a death yak
 18995 | Lair:3   | Reached XP level 13. HP: 56/86 MP: 20/30
 19216 | Lair:3   | Reached skill level 12 in Conjurations
 20293 | Lair:4   | Noticed Sonja
 20295 | Lair:4   | Killed Sonja
 21111 | Lair:4   | Noticed Rupert
 21112 | Lair:4   | Found a white marble altar of Elyvilon.
 21121 | Lair:4   | Killed Rupert
 21437 | Lair:4   | Found a runed translucent door.
 21447 | Lair:4   | Noticed an acid blob
 21457 | Lair:4   | Acquired 940 gold pieces
 22499 | Lair:4   | Found a staircase to the Slime Pits.
 22499 | Lair:4   | Noticed an acid blob
 22720 | Lair:5   | Entered Level 5 of the Lair of Beasts
 23104 | Lair:5   | Reached skill level 13 in Conjurations
 23674 | Lair:5   | Gained mutation: You have acidic saliva. [Yellow Draconian
                  | growth]
 23674 | Lair:5   | Reached XP level 14. HP: 93/93 MP: 21/32
 23682 | Lair:5   | Reached skill level 10 in Earth Magic
 26117 | Lair:5   | Learned a level 4 spell: Hailstorm
 26504 | D:11     | Noticed Erolcha
 27294 | D:11     | Killed Erolcha
 27300 | D:11     | Reached ***** piety under Sif Muna
 27434 | D:11     | Found a gateway to a bazaar.
 27439 | Bazaar   | Entered a bazaar
 27450 | Bazaar   | Found Hifallir's General Store.
 27458 | Bazaar   | Bought a potion of haste for 80 gold pieces
 27497 | Bazaar   | Found Zocem's Antique Weapon Boutique.
 27546 | Bazaar   | Found Uregim's Magic Scroll Shoppe.
 27558 | Bazaar   | Bought a scroll of fog for 48 gold pieces
 27558 | Bazaar   | Bought a scroll of teleportation for 36 gold pieces
 27558 | Bazaar   | Bought 3 scrolls of teleportation for 108 gold pieces
 27558 | Bazaar   | Bought a scroll of fear for 48 gold pieces
 27558 | Bazaar   | Bought a scroll of enchant armour for 90 gold pieces
 27569 | Bazaar   | Found Viodazed's Assorted Antiques.
 27577 | Bazaar   | Bought a potion of curing for 96 gold pieces
 27577 | Bazaar   | Bought a potion of curing for 96 gold pieces
 27577 | Bazaar   | Bought a pitted cloak for 304 gold pieces
 27577 | Bazaar   | Identified the +2 cloak of Anaesthesia {rF+} (You bought it
                  | in a shop in a bazaar)
 27695 | D:10     | You paid a toll of 6 scrolls of fog to enter a treasure
                  | trove
 27696 | Trove    | Entered a treasure trove
 27714 | Trove    | Identified the amulet "Wysmibli" {Reflect Str+6 SH+5}
 27720 | Trove    | Identified the ring "Lawe" {Ice Will+}
 27722 | Trove    | Identified the amulet "Pimiur" {rC- Regen+ Dex+2 Slay+3}
 27726 | Trove    | Identified the ring "Caenuuk" {rElec rN+ Str+3}
 27730 | Trove    | Identified the amulet of Baugoqi {Acrobat Harm Fly rF-
                  | Will++}
 27734 | Trove    | Identified the amulet "Anurijea" {Spirit rPois Regen+
                  | Slay+6 SInv}
 27996 | D:12     | Found Tyituek's Assorted Antiques.
 28512 | D:12     | Found a shimmering blue altar of Sif Muna.
 29145 | D:13     | Found a frozen archway.
 29191 | IceCv    | Entered an ice cave
 29268 | IceCv    | Received a gift from Sif Muna
 29275 | IceCv    | Got Sif Muna's Tome of Entrancing Battle Magic {god gift}
 29282 | IceCv    | Learned a level 5 spell: Freezing Cloud
 30729 | D:13     | Noticed Kirke
 30733 | D:13     | Killed Kirke
 30734 | D:13     | Reached skill level 14 in Conjurations
 31124 | D:13     | Reached skill level 10 in Invocations
 31750 | D:12     | Reached skill level 15 in Spellcasting
 32209 | D:13     | Noticed Maurice
 32213 | D:13     | Killed Maurice
 32214 | D:13     | Reached XP level 15. HP: 99/99 MP: 17/34
 33751 | D:13     | Found a gate to the Vaults.
 34519 | D:14     | Received a gift from Sif Muna
 34522 | D:14     | Got Nucaeng's Writings on the Map and the Ground {god gift}
 34530 | D:14     | Learned a level 6 spell: Iron Shot
 34763 | D:15     | Entered Level 15 of the Dungeon
 35828 | D:14     | Noticed Frances
 35844 | D:14     | Killed Frances
 36387 | D:15     | Found the +3 woodcutter's axe {vorpal}
 37437 | D:15     | Found a staircase to the Depths.
 37823 | D:15     | Found a hide-covered altar of Uskayaw.
 38416 | Orc:1    | Entered Level 1 of the Orcish Mines
 39255 | Orc:1    | Reached skill level 15 in Conjurations
 39776 | Orc:2    | Entered Level 2 of the Orcish Mines
 41368 | Orc:2    | Found a staircase to the Elven Halls.
 41378 | Orc:2    | Received a gift from Sif Muna
 42144 | Orc:2    | Found Jikarph's Antique Armour Shoppe.
 42444 | Orc:2    | Found Qiudeshri's General Store.
 42649 | Orc:2    | Found Haow's General Store.
 42657 | Orc:2    | Bought a scroll of teleportation for 51 gold pieces
 42657 | Orc:2    | Bought a scroll of summoning for 161 gold pieces
 42661 | Orc:2    | Bought a scroll of teleportation for 48 gold pieces
 43683 | Orc:2    | Received a gift from Sif Muna
 44046 | Orc:2    | Reached XP level 16. HP: 105/105 MP: 27/35
 44201 | Orc:2    | Found Osmemiagh's Jewellery Emporium.
 44201 | Orc:2    | Found Oqoeplus's Antique Armour Shoppe.
 44202 | Orc:2    | Found a one-way gate leading to the halls of Pandemonium.
 44215 | Orc:2    | Bought a glowing hat for 238 gold pieces
 44651 | Orc:1    | Found Weoricl Kyan's Magic Scroll Shoppe.
 44660 | Orc:1    | Bought a scroll of fear for 44 gold pieces
 44660 | Orc:1    | Bought a scroll of fog for 44 gold pieces
 44660 | Orc:1    | Bought a scroll of teleportation for 33 gold pieces
 44660 | Orc:1    | Bought a scroll of summoning for 104 gold pieces
 44660 | Orc:1    | Bought a scroll of blinking for 82 gold pieces
 44660 | Orc:1    | Bought a scroll of amnesia for 44 gold pieces
 44660 | Orc:1    | Bought a scroll of blinking for 82 gold pieces
 45043 | Swamp:1  | Entered Level 1 of the Swamp
 45063 | Lair:2   | Learned a level 4 spell: Flame Wave
 48385 | Swamp:3  | Received a gift from Sif Muna
 48388 | Swamp:3  | Got Sif Muna's Incunable of Energetic Invitation {god gift}
 48857 | Swamp:3  | Reached skill level 16 in Conjurations
 48960 | Swamp:3  | Noticed Aizul
 48972 | Swamp:3  | Killed Aizul
 49517 | Swamp:4  | Entered Level 4 of the Swamp
 50713 | Swamp:4  | Noticed a thorn hunter
 50724 | Swamp:4  | Killed a thorn hunter
 51409 | Swamp:4  | Reached XP level 17. HP: 111/111 MP: 1/37
 52391 | Swamp:4  | Received a gift from Sif Muna
 52404 | Swamp:4  | Got Bodwesit's Codex of the Combative Rocks {god gift}
 52757 | Swamp:4  | Noticed a bone dragon
 52776 | Swamp:4  | Killed a bone dragon
 52828 | Swamp:4  | Got a decaying rune of Zot
 53223 | Lair:2   | Upgraded the game from 0.29-a0-919-gd064cfad1c to
                  | 0.29-a0-923-g6e406bff71
 53326 | Lair:2   | Learned a level 2 spell: Blink
 53363 | Snake:1  | Entered Level 1 of the Snake Pit
 53836 | Snake:1  | Noticed Jorgrun
 53844 | Snake:1  | Killed Jorgrun
 53876 | Snake:1  | Identified the +1 robe of Compression {*Corrode rElec
                  | Dex+2}
 56586 | Snake:2  | Reached skill level 17 in Conjurations
 57252 | Snake:2  | Found Nostroig's Jewellery Boutique.
 57252 | Snake:2  | Found Faifomil's Magic Scroll Shop.
 57351 | Snake:2  | Bought a scroll of magic mapping for 97 gold pieces
 57351 | Snake:2  | Bought a scroll of blinking for 97 gold pieces
 57351 | Snake:2  | Bought a scroll of fog for 52 gold pieces
 57351 | Snake:2  | Bought a scroll of teleportation for 39 gold pieces
 57351 | Snake:2  | Bought a scroll of fear for 52 gold pieces
 58001 | Snake:3  | Received a gift from Sif Muna
 58005 | Snake:3  | Reached skill level 15 in Earth Magic
 58241 | Snake:3  | Got Sif Muna's Guide on Attacks {god gift}
 60066 | Snake:3  | Reached XP level 18. HP: 117/117 MP: 21/39
 61308 | Snake:4  | Entered Level 4 of the Snake Pit
 61353 | Snake:4  | Received a gift from Sif Muna
 61356 | Snake:4  | Got Sif Muna's Exposition on Bolts {god gift}
 63489 | Snake:4  | Noticed Donald
 63987 | Snake:4  | Killed Donald
 65622 | Snake:4  | Got a serpentine rune of Zot
 65766 | Lair:2   | Upgraded the game from 0.29-a0-923-g6e406bff71 to
                  | 0.29-a0-925-g0a7a3d12f8
 66063 | Elf:1    | Entered Level 1 of the Elven Halls
 66063 | Elf:1    | Noticed Nikola
 66068 | Elf:1    | Killed Nikola
 66758 | Elf:1    | Identified the +1 robe of the Lusting Gods {rF+}
 66918 | Elf:1    | Reached skill level 18 in Conjurations
 67017 | Elf:1    | Received a gift from Sif Muna
 67081 | Elf:1    | Got Sif Muna's Sophisticated Sorcery {god gift}
 67372 | Elf:1    | Learned a level 8 spell: Lehudib's Crystal Spear
 68384 | Elf:2    | Found Uruiwnaa's General Store.
 68395 | Elf:2    | Bought a scroll of teleportation for 48 gold pieces
 68663 | Elf:2    | Paralysed by an air elemental for 1 turns
 68877 | Elf:2    | Reached skill level 10 in Dodging
 69095 | Elf:2    | Found a runed translucent gate.
 69095 | Elf:2    | Found a runed translucent gate.
 69095 | Elf:2    | Found a runed translucent gate.
 69198 | Elf:2    | Paralysed by an air elemental for 1 turns
 69436 | Elf:2    | Reached XP level 19. HP: 123/123 MP: 19/41
 70827 | Vaults:1 | Entered Level 1 of the Vaults
 70842 | D:13     | Learned a level 6 spell: Conjure Ball Lightning
 76534 | Vaults:1 | Glimpsed the power of Zot.
 78174 | Vaults:2 | Reached skill level 19 in Conjurations
 80254 | Vaults:2 | Reached XP level 20. HP: 120/129 MP: 35/43
 80546 | Vaults:2 | Found Gullilad's Jewellery Shoppe.
 83232 | Vaults:3 | Reached skill level 15 in Invocations
 83760 | Vaults:3 | Received a gift from Sif Muna
 83763 | Vaults:3 | Got Sif Muna's Atlas of Frore Hurting {god gift}
 86354 | Vaults:3 | Got the Compendium of the Escort and Moulding
 86933 | Vaults:3 | Found a staircase to the Crypt.
 88466 | Vaults:4 | Found the +3 pair of gauntlets of War {Slay+5}
 90712 | Vaults:4 | Reached skill level 20 in Conjurations
 92076 | Depths:1 | Entered Level 1 of the Depths
 92076 | Depths:1 | Found a gateway to Hell.
 92228 | D:15     | Reached XP level 21. HP: 82/135 MP: 14/44
 93037 | Depths:1 | Learned a level 4 spell: Petrify
 93070 | Depths:1 | Found a one-way gate to the infinite horrors of the Abyss.
 93346 | Depths:1 | Found an opulent altar of Gozag.
 93392 | Depths:1 | Found a shadowy altar of Dithmenos.
 96369 | Depths:2 | Identified the ring "Behida Zeit" {Ice Str+7}
 96369 | Depths:2 | Noticed Josephina
 97540 | Depths:2 | Killed Josephina
 97892 | Depths:2 | Identified the amulet of Wuru {rC- Regen+ Int+5 Dex+4}
 99647 | Depths:2 | Noticed a golden dragon
 99651 | Depths:2 | Killed a golden dragon
 99907 | Depths:2 | Noticed a caustic shrike
 99911 | Depths:2 | Killed a caustic shrike
 99967 | Depths:2 | Noticed a caustic shrike
 99973 | Depths:2 | Killed a caustic shrike
100648 | Depths:2 | Received a gift from Sif Muna
101112 | Depths:2 | Got Sif Muna's Cyclopedia of Battling {god gift}
101253 | Depths:2 | Noticed a caustic shrike
101257 | Depths:2 | Killed a caustic shrike
102597 | Depths:2 | Reached XP level 22. HP: 141/141 MP: 37/46
102893 | Depths:2 | Reached skill level 5 in Stealth
103223 | Depths:2 | Reached skill level 21 in Conjurations
104383 | Depths:2 | Glimpsed the power of Zot.
105397 | Depths:3 | Found Lufafufy's Antique Armour Shop.
105445 | Depths:3 | Found Juilys's Book Boutique.
105448 | Depths:3 | Found Upatizup's Antique Weapon Shop.
105918 | Depths:3 | Found Upte's Jewellery Shoppe.
106254 | Depths:3 | Bought the ring "Hero's Friend" {Fly rF+ rC+} for 739 gold
                  | pieces
106254 | Depths:3 | Bought the ring of Vunemp Fola {rC++ Int+6} for 1089 gold
                  | pieces
106272 | Depths:3 | Found Atuntunt's Weapon Shoppe.
106588 | Depths:3 | Found a runed translucent door.
106595 | Depths:3 | Identified the +4 whip of the Final Decision {venom, Str+3
                  | Int+4}
106637 | Depths:3 | Identified the +0 plate armour of Wonder {Int+6 Slay-6}
107408 | Depths:3 | Bought a pitted rapier for 396 gold pieces
107408 | Depths:3 | Identified the +10 rapier of World Downfall {venom, +Blink
                  | Stlth+} (You bought it in a shop on level 3 of the Depths)
107799 | Depths:3 | Identified the +0 cloak of Ennui {*Slow rN+ Int+6}
108192 | Depths:4 | Entered Level 4 of the Depths
108192 | Depths:4 | Noticed a juggernaut
108615 | Depths:3 | Killed a juggernaut
110376 | Depths:4 | Noticed a golden dragon
110386 | Depths:4 | Killed a golden dragon
111224 | Depths:4 | Found a one-way gateway to a ziggurat.
111285 | Depths:4 | Found Qomuv's Jewellery Shoppe.
111286 | Depths:4 | Found Dopiezej's Book Shop.
111287 | Depths:4 | Found Xargh's Jewellery Shoppe.
111297 | Depths:4 | Bought a book of Burglary for 480 gold pieces
111300 | Depths:4 | Learned a level 2 spell: Passwall
112021 | Depths:4 | Noticed a golden dragon
112031 | Depths:4 | Killed a golden dragon
112173 | Depths:4 | Found a gate to the Realm of Zot.
113702 | Depths:4 | Noticed a golden dragon
113715 | Depths:4 | Killed a golden dragon
114032 | Depths:4 | Noticed a golden dragon
114036 | Depths:4 | Killed a golden dragon
114037 | Depths:4 | Reached XP level 23. HP: 137/147 MP: 22/48
115001 | Elf:3    | Entered Level 3 of the Elven Halls
115841 | Elf:3    | Identified the +7 hand axe of Undoing {vorpal, rPois rF+
                  | rN+ Dex+2}
116338 | Elf:3    | Identified the +0 leather armour of Dudifie {Harm Dex-2
                  | Slay+5}
116457 | Elf:3    | Found the +3 greatsling "Punk" {acid, rCorr}
116474 | Elf:3    | Identified the +9 longbow of Impatience {freeze, rElec}
116746 | Elf:3    | Identified the +1 scimitar "Conkomm" {protect, rF+ Dex+8}
116975 | Elf:3    | Reached skill level 22 in Conjurations
117731 | Slime:1  | Entered Level 1 of the Pits of Slime
117739 | Slime:1  | Reached skill level 1 in Evocations
118738 | Slime:2  | Received a gift from Sif Muna
119082 | Slime:2  | Got Sif Muna's Secrets of Polar Concussion {god gift}
120857 | Slime:3  | Gained mutation: Your spells are a little easier to cast,
                  | but a little less powerful. [a shining eye]
122697 | Slime:5  | Entered Level 5 of the Pits of Slime
122960 | Slime:5  | Received a gift from Sif Muna
123177 | Slime:5  | Gained mutation: Your large and strong wings let you fly.
                  | [a shining eye]
123301 | Slime:5  | Gained mutation: Your magical capacity is low. (-10% MP) [a
                  | shining eye]
123304 | Slime:5  | Gained mutation: Your magical capacity is very low. (-20%
                  | MP) [a shining eye]
123496 | Slime:5  | Noticed the Royal Jelly
124142 | Slime:5  | Learned a level 6 spell: Starburst
124872 | Slime:5  | Killed the Royal Jelly
124873 | Slime:5  | Reached skill level 5 in Evocations
124882 | Slime:5  | HP: 6/147 [quicksilver ooze (4)]
124884 | Slime:5  | Slain by a quicksilver ooze

Illustrated notes

Levels and vault maps discovered:
D:1:      wander_arrival_chamber, layout_loops_corners
D:2:      layout_basic, hellmonk_ecumenical_altar_run_dry, uniq_sigmund,
          uniq_natasha, uniq_robin
D:3:      layout_basic, grunt_temple_overflow_open, gammafunk_ghost_split
D:4:      layout_rooms, okawaru_metal_pillars_1_2, slow_altar_1
D:5:      layout_basic, zin_angel, gammafunk_ghost_smash, serial_undead,
          serial_undead_c, serial_undead_f, serial_undead_a, serial_undead_d,
          minmay_divided_ellipse
D:6:      layout_gridville, minmay_temple_entry_trees, serial_shops,
          kennysheep_mini_moat, lightli_minifort
D:7:      layout_loops_corners, nzn_hepliaklqana_mist_gate,
          mainiacjoe_overflow_24_doors, serial_shops, nicolae_stop_n_shop_1
D:8:      layout_gridville, amcnicky_altar_gilded
D:9:      layout_layer_cave, david_lair_shrubbed, gammafunk_ghost_necromancy,
          enter_bailey_5, uniq_grum
D:10:     nicolae_whirlpool, layout_rooms,
          grunt_temple_overflow_lords_of_destruction, nicolae_overflow_squiral,
          orc_0_dummy, nicolae_trove_entry_crossroad, uniq_psyche
D:11:     layout_cross, serial_shops, bzr_entry_road, uniq_erolcha
D:12:     layout_irregular_city, serial_shops, nicolae_stop_n_shop_2,
          nicolae_sif_muna_condensation
D:13:     layout_cave_pools, hangedman_vaults_entry_quadrant_bands, serial_ice,
          serial_ice_f, serial_ice_h, serial_ice_l, serial_ice_a, serial_ice_b,
          serial_ice_g, serial_ice_d, serial_ice_c, serial_ice_o, serial_ice_m,
          portal_ice_cave_demonic_guard, uniq_maurice, uniq_kirke
D:14:     layout_basic, uniq_frances
D:15:     grunt_enter_depths_magical_seal, layout_irregular_city, moated_statue,
          dancing_weapons_uskayaw
Temple:   hellmonk_temple_beads
Lair:1:   layout_roguey, uniq_urug, uniq_harold
Lair:2:   layout_cave_shapes, minmay_swamp_entry_worms, dummy_snake_entry,
          grunt_megastairs_2, serial_bayou_shore_b
Lair:3:   minmay_lair_oklob_tunnel, layout_misc_corridors
Lair:4:   layout_regular_city, slime_entry_2, basic_altar,
          gauntlet_entry_generic, st_stairs_3, beast_lair_carwin_7,
          lemuel_fruit_fields, uniq_rupert, uniq_sonja
Lair:5:   grunt_lair_end_beastmaster, layout_cave_pods, nicolae_lair_lindhole
Swamp:1:  layout_falls_marsh, nicolae_swamp_small_spring, swamp_pool2,
          roderic_carrion_pond
Swamp:2:  layout_basic_swamp, nicolae_swamp_fairy_circle
Swamp:3:  layout_basic_swamp, evilmike_swamp_ruin_house_1, swamp_pool3,
          uniq_aizul
Swamp:4:  swamp_pestilence, layout_basic_swamp
Snake:1:  layout_rooms, uniq_jorgrun
Snake:2:  cheibrodos_snake_ritualist_ritual, layout_honeycomb,
          serial_bayou_shore_a, minmay_shoptagon
Snake:3:  layout_chambers, nicolae_snake_gridmaze_swirls, grunt_megastairs_5
Snake:4:  minmay_snake_end_coiled, layout_cave_town, uniq_donald
Slime:1:  layout_caves, cheibrodos_slime_lost_civilization_5
Slime:2:  layout_caves, cheibrodos_slime_lost_civilization_4
Slime:3:  layout_caves
Slime:4:  layout_caves, nicolae_slime_welcoming_committee
Slime:5
Orc:1:    layout_caves, serial_shops, shop
Orc:2:    pf_orc_diabolical, layout_caves, serial_shops, nicolae_shop_trees,
          nooodl_orcs_dogs
Elf:1:    elf_arrival_001, layout_geoelf_octagon, hangedman_elf_disciples,
          uniq_nikola
Elf:2:    elven_hall_of_blades_hangedman_original
          [nicolae_blade_entry_antechamber], layout_geoelf_grid, serial_shops,
          shop
Elf:3:    elf_hall_gauntlet_wide, layout_gridlike
Vaults:1: ontoclasm_vaults_ring_small, vaults_room_door_hall,
          nicolae_vaults_triangles, nicolae_vaults_know_your_exits, v_misc_17,
          vaults_standard_mumra_enter_the_diamond,
          ontoclasm_vaults_decontamination, vaults_room_door_ring,
          vaults_dpeg_hooks, vaults_room_stairs_pillars, layout_vaults_omnicross
Vaults:2: nicolae_vaults_circle_grid_b, v_alt_pattern_4, hangedman_vaults_hat,
          v_misc_28, st_lattice, ontoclasm_vaults_misaligned,
          ontoclasm_vaults_eye, nicolae_vaults_little_squares_4,
          vaults_room_door_ring, nicolae_vaults_little_squares_2, v_misc_29,
          layout_vaults_big_room, serial_shops, shop
Vaults:3: minmay_crypt_entry_vampire_xt, nicolae_vaults_network_square,
          v_alt_pattern_6, ontoclasm_vaults_ring_square, dpeg_vaults_waves,
          nicolae_vaults_specimen_jars, nicolae_vaults_mini_display_case,
          vaults_dpeg_diagonal, layout_vaults_omnigrid
Vaults:4: ontoclasm_vaults_fault, v_pattern_4, nicolae_vaults_little_squares_4,
          v_misc_10, hangedman_vaults_stitches, ontoclasm_vaults_shuriken,
          nicolae_vaults_ninety_degrees, ontoclasm_vaults_ring_square,
          hangedman_vaults_trim, nicolae_vaults_windows_and_doors_thing,
          ontoclasm_vaults_ring_square, st_lines, v_misc_8,
          layout_vaults_maze_bifur
Depths:1: layout_cave_pools, abyss_entry, grunt_dithmenos_smoke, hell_entry,
          grunt_gozag_statues
Depths:2: hangedman_grunt_twisty_little_passages, layout_gridville, hex_medium,
          pan_entry, hell_entry, abyss_entry, minmay_statues_item,
          uniq_josephina
Depths:3: minmay_the_grid_triangle_9x9_recursive_3_mashed
          [minmay_the_grid_triangle_9x9_sparse_checkered,
          minmay_the_grid_triangle_9x9_limited_checkers,
          minmay_the_grid_triangle_9x9_zippers_horizontal,
          minmay_the_grid_triangle_9x9_prize_insulated,
          minmay_the_grid_triangle_9x9_swiss_cheese,
          minmay_the_grid_triangle_9x9_semitri,
          minmay_the_grid_triangle_9x9_intruding_spiral,
          minmay_the_grid_triangle_9x9_alien,
          minmay_the_grid_triangle_9x9_subtriangle], layout_basic, abyss_entry,
          minmay_misc_feat_nine_boxes, serial_shops, nicolae_shop_trees,
          nicolae_shop_bloodbath_and_beyond, shop, shop,
          nicolae_shop_advertising_works [nicolae_subvault_shop_adworks],
          hell_entry, minmay_strange_pillars, minivault_16,
          infiniplex_staircase_pillars_1
Depths:4: lemuel_castle_with_subvaults [lemuel_castle_interior_carwin_2],
          layout_long_grid, enter_ziggurat_f, pf_coc_iceberg,
          hangedman_decor_lopped, abyss_entry, minmay_shop_grove

Skill      XL: |  1  2  3  4  5  6  7  8  9 10 11 12 13 14 15 16 17 18 19 20 21 22 23 |
---------------+----------------------------------------------------------------------+-----
Stealth        | 2 3 4 8 9 |  9.1
Spellcasting   | 4 5 6 8 10 12 13 14 15 16 17 18 19 20 21 | 21.9
Conjurations   | 5 6 7 8 9 10 11 13 14 15 16 17 18 19 20 21 22 | 22.4
Dodging        | 3 4 5 6 8 10 | 10.7
Staves         | 2 4 |  4.2
Earth Magic    | 3 6 8 9 11 12 14 15 16 17 18 19 20 21 | 21.1
Invocations    | 5 8 10 12 13 14 16 17 | 17.3
Evocations     | 5 |  5.1

Action                   |  1- 3 |  4- 6 |  7- 9 | 10-12 | 13-15 | 16-18 | 19-21 | 22-24 || total
-------------------------+-------+-------+-------+-------+-------+-------+-------+-------++-------
Melee: Unarmed           |    31 |       |       |       |       |       |       |       ||    31
       Tailslap          |     7 |     2 |     1 |     1 |    17 |     1 |       |     8 ||    37
       Punch             |     1 |       |       |     1 |     3 |       |     1 |       ||     6
       Dagger            |    20 |    14 |     3 |       |       |       |       |       ||    37
       Staff             |       |       |       |    10 |    69 |     6 |     8 |    38 ||   131
       Bite              |       |       |       |       |    12 |       |     1 |     3 ||    16
 Cast: Magic Dart        |    48 |    55 |    68 |   144 |   145 |   206 |    57 |    97 ||   820
       Searing Ray       |     3 |    15 |    74 |       |     1 |       |       |       ||    93
       Stone Arrow       |       |       |    26 |   143 |   341 |    39 |       |       ||   549
       Iskenderun's Batt |       |       |     8 |    57 |    75 |    87 |    33 |    26 ||   286
       Iskenderun's Myst |       |       |     5 |    20 |    95 |    79 |   124 |    89 ||   412
       Lee's Rapid Decon |       |       |       |    24 |   200 |    16 |    46 |     6 ||   292
       Orb of Destructio |       |       |       |       |    48 |    31 |   378 |   238 ||   695
       Freezing Cloud    |       |       |       |       |     5 |    86 |    40 |    34 ||   165
       Hailstorm         |       |       |       |       |     2 |     1 |     2 |       ||     5
       Iron Shot         |       |       |       |       |       |   368 |   128 |    69 ||   565
       Blink             |       |       |       |       |       |     2 |    11 |     4 ||    17
       Lehudib's Crystal |       |       |       |       |       |     6 |   131 |   118 ||   255
       Conjure Ball Ligh |       |       |       |       |       |       |    12 |     2 ||    14
       Passwall          |       |       |       |       |       |       |       |     2 ||     2
       Starburst         |       |       |       |       |       |       |       |    10 ||    10
       Petrify           |       |       |       |       |       |       |       |     1 ||     1
Invok: Channel Magic     |       |       |       |     1 |     5 |     6 |    14 |    11 ||    37
 Abil: Breathe Acid      |       |       |     1 |     5 |    15 |    11 |     6 |     4 ||    42
Evoke: Wand              |       |       |       |       |     1 |     4 |     1 |     2 ||     8
  Use: Potion            |     1 |       |     3 |     2 |     7 |    13 |     7 |    15 ||    48
       Scroll            |       |    14 |     6 |     7 |    14 |    12 |    26 |    14 ||    93
 Stab: Sleeping          |     4 |     3 |     1 |       |       |       |       |       ||     8
Armor: Skin              |    18 |    11 |    35 |    90 |   171 |   124 |    76 |   131 ||   656
Dodge: Dodged            |    35 |    21 |    71 |   110 |   243 |   165 |   164 |   185 ||   994
Block: Other             |       |       |       |       |    51 |     3 |    31 |       ||    85
       Reflection        |       |       |       |       |    11 |       |    15 |       ||    26

Table legend: (Time is in decaauts)
 A = Elapsed time spent in this place.
 B = Non-inter-level travel time spent in this place.
 C = Inter-level travel time spent in this place.
 D = Time resting spent in this place.
 E = Time spent auto-exploring this place.
 F = Levels seen in this place.
 G = Mean time per level.
                   A        B        C        D        E       F      G
               +--------+--------+--------+--------+--------+-----+--------+
         Total | 125088 | 119078 |   6010 |  66860 |  19363 |  51 | 2452.7 |
       Dungeon |  27188 |  24804 |   2384 |  12185 |   7879 |  15 | 1812.5 |
        Temple |    122 |    117 |      5 |      0 |     95 |   1 |  122.0 |
          Lair |  13810 |  12906 |    904 |   7630 |   2756 |   5 | 2762.0 |
         Swamp |   7762 |   7503 |    259 |   4564 |    703 |   4 | 1940.5 |
     Snake Pit |  12284 |  11859 |    425 |   7197 |   1895 |   4 | 3071.0 |
    Slime Pits |   6783 |   6613 |    170 |   3635 |    693 |   5 | 1356.6 |
  Orcish Mines |   5616 |   5193 |    423 |   2965 |    700 |   2 | 2808.0 |
   Elven Halls |   7087 |   6811 |    276 |   3736 |    966 |   3 | 2362.3 |
        Vaults |  20272 |  19742 |    530 |  11367 |   1949 |   4 | 5068.0 |
        Depths |  21385 |  20755 |    630 |  12287 |   1056 |   4 | 5346.2 |
        Bazaar |    219 |    219 |      0 |      0 |      0 |   1 |  219.0 |
         Trove |     69 |     69 |      0 |      0 |      0 |   1 |   69.0 |
        Bailey |    934 |    934 |      0 |    487 |    206 |   1 |  934.0 |
      Ice Cave |   1548 |   1548 |      0 |    805 |    464 |   1 | 1548.0 |
               +--------+--------+--------+--------+--------+-----+--------+

Top non-repeatable levels by time:
Depths:2: 9239 daAuts
Vaults:1: 5642 daAuts
Vaults:3: 5413 daAuts
Vaults:2: 5146 daAuts
Depths:4: 4917 daAuts
   Orc:2: 4359 daAuts
 Snake:3: 4294 daAuts
Vaults:4: 4070 daAuts
    D:13: 4026 daAuts
Depths:3: 3962 daAuts
Depths:1: 3266 daAuts
  Lair:2: 3203 daAuts
  Lair:5: 3127 daAuts
 Swamp:4: 3121 daAuts
    D:15: 3115 daAuts
